 Dungeon Crawl Stone Soup version 0.28-a0-1506-g3893175d92 (webtiles) character file.

Game seed: 15472277017849503672

36 oldriver the Ducker (level 3, -3/29 (31) HPs)
             Began as a Gnoll Gladiator on Jan 14, 2022.
             Slain by an iguana (7 damage)
             ... on level 2 of the Dungeon.
             The game lasted 00:01:21 (1235 turns).

oldriver the Ducker (Gnoll Gladiator)               Turns: 1235, Time: 00:01:23

HP:   -3/29 (31)    AC:  4    Str: 15    XL:     3   Next: 37%
MP:   4/4           EV: 14    Int:  7    God:
Gold: 102           SH:  0    Dex: 13    Spells: 3/3 levels left

rFire   . . .      SeeInvis .   a - +0 long sword
rCold   . . .      Faith    .   (no shield)
rNeg    . . .      Spirit   .   b - +0 leather armour
rPois   .          Reflect  .   c - +0 helmet
rElec   .          Harm     .   (no cloak)
rCorr   .          Rampage  .   (no gloves)
Will    .....                   (no boots)
Stlth   +.........              (no amulet)
HPRegen 0.09/turn               (no ring)
MPRegen 0.09/turn               (no ring)

@: drained
A: fangs 1, strong nose, distributed training
a: no special abilities


You were on level 2 of the Dungeon.
You visited 1 branch of the dungeon, and saw 2 of its levels.

You collected 102 gold pieces.

Inventory:

Hand Weapons
 a - a +0 long sword (weapon)
Missiles
 d - 3 throwing nets
 g - 65 stones (quivered)
Armour
 b - a +0 leather armour (worn)
 c - a +0 helmet (worn)
Scrolls
 f - a scroll of identify {unknown}
 h - a scroll of acquirement {unknown}
 i - 2 scrolls of immolation {unknown}
 k - a scroll of teleportation {unknown}
 l - a scroll of summoning {unknown}
Potions
 e - a potion of curing {unknown}
 j - 2 potions of flight {unknown}


   Skills:
 + Level 4.5 Fighting
 + Level 0.7 Short Blades
 + Level 6.5 Long Blades
 + Level 0.7 Axes
 + Level 0.7 Maces & Flails
 + Level 0.7 Polearms
 + Level 0.7 Staves
 + Level 0.7 Slings
 + Level 0.7 Bows
 + Level 0.7 Crossbows
 + Level 4.5 Throwing
 + Level 0.7 Armour
 + Level 6.5 Dodging
 + Level 0.7 Stealth
 + Level 0.7 Shields
 + Level 0.7 Unarmed Combat
 + Level 0.7 Spellcasting
 + Level 0.5 Conjurations
 + Level 0.5 Hexes
 + Level 0.5 Summonings
 + Level 0.5 Necromancy
 + Level 0.5 Translocations
 + Level 0.5 Transmutations
 + Level 0.5 Fire Magic
 + Level 0.5 Ice Magic
 + Level 0.5 Air Magic
 + Level 0.5 Earth Magic
 + Level 0.5 Poison Magic
 + Level 0.9 Invocations
 + Level 0.7 Evocations


You had 3 spell levels left.
You didn't know any spells.
Your spell library contained the following spells:

 Spells                   Type           Power      Damage    Failure   Level
 Animate Skeleton         Necr           0%         N/A       41%         1
 Pain                     Necr           0%         1d4       41%         1
 Sandblast                Erth           0%         2d4       41%         1
 Passwall                 Tmut/Erth      0%         N/A       54%         2
 Stone Arrow              Conj/Erth      0%         3d7       78%         3
 Vampiric Draining        Necr           0%         2d6       78%         3


Dungeon Overview and Level Annotations

Branches:
Dungeon (2/15)

Altars:

Shops:
D:1 ?

Annotations:
D:2 Jessica


Innate Abilities, Weirdness & Mutations

You have very sharp teeth.
Your uncanny sense of smell can sniff out nearby items.
Your experience applies equally to all skills.


Message History

An iguana comes into view.
You throw a stone. The iguana hisses angrily.
The stone hits Jessica.
Jessica is severely wounded.
You throw a stone.
The stone hits Jessica but does no damage.
Jessica is severely wounded.
Jessica casts a spell at you. Pain shoots through your body!
You throw a stone.
The stone hits Jessica but does no damage.
Jessica is severely wounded.
You throw a stone. The stone closely misses Jessica.
The stone hits the iguana but does no damage.
A giant cockroach comes into view.
You throw a stone. The stone barely misses Jessica.
The stone completely misses the iguana.
You throw a stone. The stone hits Jessica.
Jessica is almost dead.
Jessica gestures wildly while chanting.
Jessica blinks!
A goblin comes into view. It is wielding a +0 dagger.
Jessica gestures wildly while chanting.
Jessica seems to speed up.
You throw a stone. The stone barely misses Jessica.
Jessica looks very angry.
Jessica hits you with a +1 dagger of draining.
You feel drained.
You barely miss Jessica.
Jessica is almost dead.
Jessica hits you with a +1 dagger of draining.
You feel drained. The iguana misses you.
You hit Jessica but do no damage.
Jessica is almost dead.
Jessica points at you and mumbles some strange words.
Pain shoots through your body!
* * * LOW HITPOINT WARNING * * *
Jessica barely misses you. The iguana bites you!
You die...

#..####.######........ .
#.# #..###### ##. #.#
##.##
....####.#######..#####
......................>
##........####.##..###.
g.##.............###.###.
.(((..####..####.###.....
(.(..(Bl@@.............#.
......####..####.........
..... #..# #........#.
.### #..# #.#.###..#.
#..###†.......#.
#..#............
#..#.###.###..#)
..####..#.###.###....
#...........).....#..


You could see an iguana, Jessica (fast) and a giant cockroach.

Vanquished Creatures
  An adder (D:2)
  4 endoplasms (D:1)
  3 goblins
  2 hobgoblins (D:1)
  3 kobolds (D:1)
  5 ball pythons
  3 bats (D:1)
  3 frilled lizards (D:1)
  3 rats (D:1)
27 creatures vanquished.

Notes
Turn   | Place    | Note
-------+----------+-------------------------------------------
     0 | D:1      | oldriver the Gnoll Gladiator began the quest for the Orb.
     0 | D:1      | Reached XP level 1. HP: 20/20 MP: 1/1
   368 | D:1      | Reached XP level 2. HP: 26/26 MP: 2/2
   566 | D:1      | Found a faded altar of an unknown god.
   567 | D:1      | Found Lopu's Magic Scroll Emporium.
   867 | D:1      | Reached XP level 3. HP: 31/31 MP: 3/3
  1222 | D:2      | Noticed Jessica
  1235 | D:2      | Slain by an iguana

Illustrated notes

Levels and vault maps discovered:
D:1:      lordsloth_arrival_two_stooges, layout_basic, serial_shops, shop,
          basic_ecumenical_altar, minmay_misc_feat_rows, minmay_pentomino_w4
D:2:      minmay_chambers_of_ones, layout_basic, uniq_jessica

Action                   || total
-------------------------++-------
Melee: Long sword        ||    40
       Bite              ||     2
       Punch             ||     1
Throw: Stone             ||    49
Armor: Leather armour    ||    14
Dodge: Dodged            ||    33

Table legend: (Time is in decaauts)
 A = Elapsed time spent in this place.
 B = Non-inter-level travel time spent in this place.
 C = Inter-level travel time spent in this place.
 D = Time resting spent in this place.
 E = Time spent auto-exploring this place.
 F = Levels seen in this place.
 G = Mean time per level.
                   A        B        C        D        E       F      G
               +--------+--------+--------+--------+--------+-----+--------+
         Total |   1232 |   1217 |     15 |      2 |   1006 |   2 |  616.0 |
       Dungeon |   1232 |   1217 |     15 |      2 |   1006 |   2 |  616.0 |
               +--------+--------+--------+--------+--------+-----+--------+

Top non-repeatable levels by time:
     D:1: 1013 daAuts
     D:2: 218 daAuts
